[Event "28th CRO-chT 1B-Men 2019"]
[Site "Mali Losinj"]
[Date "2019.10.05"]
[Round "8.17"]
[White "Levacic, Patrick"]
[Black "Mihalincic, Tomislav"]
[Result "1/2-1/2"]
[ECO "A05"]
[WhiteElo "2245"]
[BlackElo "2252"]
[Annotator "ChessBase"]
[PlyCount "27"]
[EventDate "2019.09.28"]
[EventType "team-tourn"]
[EventCountry "CRO"]
[SourceTitle "playchess.com"]
[Source "ChessBase"]
[SourceQuality "1"]
[TimeControl "40/5400+30:1800+30"]

1. Nf3 Nf6 2. g3 g6 3. Bg2 Bg7 4. O-O O-O 5. d3 d6 6. e4 e5 7. Nbd2 Nc6 8. c3 d5 9. Qe2 Re8 10. Rd1 h6 11. b3 a5 12. a3 b6 13. Bb2 Ba6 14. c4 1/2-1/2

[Event "28th CRO-chT 1B-Men 2019"]
[Site "Mali Losinj"]
[Date "2019.10.05"]
[Round "8.18"]
[White "Blagojevic, Marijan"]
[Black "Ivankovic, Ivo"]
[Result "1-0"]
[ECO "A31"]
[WhiteElo "2196"]
[BlackElo "2054"]
[Annotator "NA"]
[PlyCount "97"]
[EventDate "2019.09.28"]
[EventType "team-tourn"]
[EventCountry "CRO"]
[SourceTitle "playchess.com"]
[Source "ChessBase"]
[SourceQuality "1"]
[TimeControl "40/5400+30:1800+30"]

1. d4 Nf6 2. c4 c5 3. Nf3 cxd4 4. Nxd4 e5 5. Nb5 d5 6. cxd5 Qa5+ 7. N5c3 b5 8. Nd2 b4 9. Nce4 Nxe4 10. Nxe4 Bb7 11. Ng3 Bxd5 12. e4 Be6 13. Bd2 Bc5 14. Be2 O-O 15. O-O Qb6 16. Bg4 Nc6 17. Rc1 Nd4 18. Bxe6 fxe6 19. Be3 Rf6 20. Kh1 Raf8 21. Qd3 Rd8 22. Qc4 Be7 23. Nf5 Bf8 24. Nxd4 exd4 25. Bg5 Kh8 26. Qc7 Re8 27. Qxb6 axb6 28. Bxf6 gxf6 29. Rfd1 Bc5 30. Rc2 Ra8 31. b3 e5 32. g3 Kg7 33. Kg2 Kf7 34. f4 Rg8 35. fxe5 fxe5 36. Rf2+ Ke6 37. Rf5 Rg4 38. Kf3 Rg6 39. Rd2 h6 40. g4 Kd6 41. h4 Ke6 42. Rh2 Be7 43. Rc2 Bc5 44. g5 h5 45. Ke2 Kd6 46. Kd3 Ke6 47. Rcf2 Be7 48. Rc2 Bc5 49. Rc1 1-0

[Event "28th CRO-chT 1B-Men 2019"]
[Site "Mali Losinj"]
[Date "2019.10.05"]
[Round "8.19"]
[White "Lenic, Luka"]
[Black "Medvegy, Zoltan"]
[Result "0-1"]
[ECO "D37"]
[WhiteElo "2644"]
[BlackElo "2539"]
[Annotator "ChessBase"]
[PlyCount "110"]
[EventDate "2019.09.28"]
[EventType "team-tourn"]
[EventCountry "CRO"]
[SourceTitle "playchess.com"]
[Source "ChessBase"]
[SourceQuality "1"]
[TimeControl "40/5400+30:1800+30"]

1. d4 Nf6 2. c4 e6 3. Nf3 d5 4. Nc3 Be7 5. Bf4 O-O 6. e3 b6 7. Rc1 Bb7 8. cxd5 Nxd5 9. Nxd5 Qxd5 10. a3 c5 11. Bc4 Qd8 12. O-O Nc6 13. dxc5 bxc5 14. Qc2 Qb6 15. Bd3 h6 16. Nd2 Na5 17. Be5 Rac8 18. Bh7+ Kh8 19. Be4 Ba6 20. Rfd1 Nc6 21. Nf3 Rfd8 22. Rxd8+ Rxd8 23. b4 c4 24. Bc3 Kg8 25. Qb2 Bf8 26. h4 Bb5 27. Bb1 Qa6 28. Qc2 Rd3 29. Qa2 Rd8 30. h5 Rd5 31. Qc2 Rd3 32. Bb2 e5 33. Ne1 e4 34. Nxd3 exd3 35. Qc3 Qa4 36. Ba2 Nxb4 37. axb4 Qxa2 38. Ra1 Qb3 39. Qxb3 cxb3 40. Bc3 Be7 41. Rb1 Bc4 42. Rb2 Kf8 43. f3 Ke8 44. Kf2 Kd7 45. Rb1 Kc6 46. Ke1 Kb5 47. Bxg7 Bxb4+ 48. Kd1 a5 49. g4 f6 50. Bxf6 a4 51. g5 a3 52. Kc1 d2+ 53. Kd1 b2 54. Bxb2 Bb3+ 55. Ke2 axb2 0-1

[Event "28th CRO-chT 1B-Men 2019"]
[Site "Mali Losinj"]
[Date "2019.10.05"]
[Round "8.20"]
[White "Rezan, Sasa"]
[Black "Postny, Evgeny"]
[Result "0-1"]
[ECO "E41"]
[WhiteElo "2432"]
[BlackElo "2597"]
[Annotator "ChessBase"]
[PlyCount "124"]
[EventDate "2019.09.28"]
[EventType "team-tourn"]
[EventCountry "CRO"]
[SourceTitle "playchess.com"]
[Source "ChessBase"]
[SourceQuality "1"]
[TimeControl "40/5400+30:1800+30"]

1. d4 Nf6 2. c4 e6 3. Nc3 Bb4 4. e3 d5 5. Nf3 c5 6. Bd3 dxc4 7. Bxc4 Qc7 8. O-O Bxc3 9. bxc3 cxd4 10. Bb5+ Bd7 11. Bxd7+ Nbxd7 12. cxd4 O-O 13. a4 Rfc8 14. a5 Ne4 15. Qb3 Qc3 16. Qb1 Ndf6 17. h3 Rc7 18. Ra2 Rac8 19. Bd2 Qc4 20. Rb2 Qa6 21. Bb4 Qc6 22. Rd1 Qa4 23. Be1 Nd6 24. Ra2 Qb5 25. Bb4 Nfe4 26. Bxd6 Qxb1 27. Rxb1 Rc1+ 28. Rxc1 Rxc1+ 29. Kh2 Nxd6 30. Ne5 Kf8 31. Nd3 Rc4 32. Ne5 Rc3 33. Nd7+ Ke7 34. Nc5 Kd8 35. Rb2 Kc7 36. e4 Kc6 37. e5 Nb5 38. Nxb7 Kxb7 39. Rxb5+ Ka6 40. Rb8 Rc7 41. Rg8 g6 42. Rg7 Kxa5 43. d5 exd5 44. e6 Rc6 45. exf7 Rf6 46. f8=Q Rxf8 47. Rxa7+ Kb4 48. Kg3 h5 49. f4 d4 50. Kh4 Rxf4+ 51. Kg5 Rf2 52. g4 Rh2 53. gxh5 gxh5 54. h4 d3 55. Rd7 d2 56. Kxh5 Rg2 57. Kh6 Kc3 58. h5 Rg4 59. Rxd2 Kxd2 60. Kh7 Ke3 61. h6 Kf4 62. Kh8 Kf5 0-1

[Event "28th CRO-chT 1B-Men 2019"]
[Site "Mali Losinj"]
[Date "2019.10.05"]
[Round "8.21"]
[White "Jovanovic, Zoran"]
[Black "Bilobrk, Franjo"]
[Result "1-0"]
[ECO "B23"]
[WhiteElo "2507"]
[BlackElo "2334"]
[Annotator "ChessBase"]
[PlyCount "75"]
[EventDate "2019.09.28"]
[EventType "team-tourn"]
[EventCountry "CRO"]
[SourceTitle "playchess.com"]
[Source "ChessBase"]
[SourceQuality "1"]
[TimeControl "40/5400+30:1800+30"]

1. e4 c5 2. Nc3 e6 3. Nge2 a6 4. g3 b5 5. Bg2 Bb7 6. O-O b4 7. Na4 Nf6 8. d3 d6 9. c3 a5 10. a3 Nbd7 11. Re1 e5 12. axb4 axb4 13. cxb4 cxb4 14. Bd2 Qa5 15. b3 Qb5 16. Nc1 Nc5 17. Bf1 Nxa4 18. bxa4 Qb6 19. Rb1 d5 20. Na2 Bc5 21. Be3 d4 22. Bd2 Bc6 23. a5 Qxa5 24. Nxb4 Ba4 25. Qc1 Qa7 26. Ra1 Qe7 27. Qc4 O-O 28. Na6 Rxa6 29. Qxa6 Bd7 30. Qb7 h6 31. Ra8 Rxa8 32. Qxa8+ Kh7 33. Rb1 Qe6 34. Qa5 Bd6 35. Rb6 Bc7 36. Rxe6 Bxa5 37. Rxf6 Bxd2 38. Rxf7 1-0

[Event "28th CRO-chT 1B-Men 2019"]
[Site "Mali Losinj"]
[Date "2019.10.05"]
[Round "8.22"]
[White "Biliskov, Vjekoslav"]
[Black "Bukal, Vladimir Jr."]
[Result "0-1"]
[ECO "A40"]
[WhiteElo "2333"]
[BlackElo "2390"]
[Annotator "ChessBase"]
[PlyCount "104"]
[EventDate "2019.09.28"]
[EventType "team-tourn"]
[EventCountry "CRO"]
[SourceTitle "playchess.com"]
[Source "ChessBase"]
[SourceQuality "1"]
[TimeControl "40/5400+30:1800+30"]

1. d4 e6 2. c4 b6 3. a3 Bb7 4. Nc3 f5 5. d5 Nf6 6. g3 a5 7. Bg2 Bc5 8. Nf3 O-O 9. O-O Qe8 10. Bf4 Na6 11. Qc2 Ng4 12. Ne5 Nxe5 13. Bxe5 d6 14. Bf4 e5 15. Be3 Bxe3 16. fxe3 Qh5 17. Rab1 Rf6 18. Rf2 Raf8 19. b4 axb4 20. axb4 Bc8 21. Nb5 Qg5 22. Qc3 h5 23. Ra1 h4 24. gxh4 Qxh4 25. Na7 Bb7 26. Raf1 Rh6 27. h3 Qg5 28. Kh1 e4 29. Nb5 Qg3 30. Nd4 Bc8 31. Ne6 Rff6 32. Nf4 Rh4 33. b5 Nc5 34. Qa1 Bd7 35. Qa8+ Kf7 36. Qd8 Rfh6 37. Rf3 exf3 38. Rxf3 Qe1+ 39. Rf1 Qc3 40. Ne6 Nxe6 41. Qxd7+ Kg8 42. dxe6 Qxe3 43. Qf7+ Kh8 44. Qf8+ Kh7 45. Qxf5+ Rg6 46. Qd3 Qxe6 47. Rf5 Qe7 48. Bd5 Kh6 49. e4 Rg5 50. Qe3 g6 51. Rf1 Qd7 52. Rf3 Qg4 0-1

[Event "28th CRO-chT 1B-Men 2019"]
[Site "Mali Losinj"]
[Date "2019.10.05"]
[Round "8.23"]
[White "Ivekovic, Zvonimir"]
[Black "Sinanovic, Muhamed"]
[Result "1-0"]
[ECO "B43"]
[WhiteElo "2405"]
[BlackElo "2312"]
[Annotator "ChessBase"]
[PlyCount "123"]
[EventDate "2019.09.28"]
[EventType "team-tourn"]
[EventCountry "CRO"]
[SourceTitle "playchess.com"]
[Source "ChessBase"]
[SourceQuality "1"]
[TimeControl "40/5400+30:1800+30"]

1. e4 c5 2. Nf3 e6 3. d4 cxd4 4. Nxd4 a6 5. Nc3 Qc7 6. Bd3 Nf6 7. Qe2 Nc6 8. Nf3 d6 9. a3 Be7 10. g4 h6 11. Rg1 Bd7 12. Be3 Ne5 13. Nd4 Rc8 14. f4 Nc4 15. Bxc4 Qxc4 16. Qxc4 Rxc4 17. e5 dxe5 18. fxe5 Nh7 19. O-O-O Bxa3 20. Rd3 Be7 21. Rgd1 Nf8 22. Ne4 Ng6 23. Rb3 b5 24. Nd6+ Bxd6 25. exd6 O-O 26. Ra3 Ra8 27. h3 a5 28. Nb3 a4 29. Nc5 Nf8 30. b3 Rc3 31. Kd2 b4 32. Ra2 a3 33. Nd3 Rc6 34. Bc5 Rca6 35. Bxb4 Bc6 36. Rda1 Bg2 37. Nf4 Bc6 38. Rxa3 Rxa3 39. Rxa3 Rb8 40. Ba5 f5 41. c4 g5 42. Nd3 Nd7 43. b4 f4 44. Rb3 e5 45. b5 Be4 46. c5 Bxd3 47. c6 Bc4 48. Rb1 Be6 49. Bc7 Ra8 50. cxd7 Bxd7 51. b6 Ra2+ 52. Kc3 Ra3+ 53. Kb2 Ra5 54. b7 Rb5+ 55. Kc2 Rxb7 56. Rxb7 Kf7 57. Bb8 Ke6 58. Rxd7 Kxd7 59. Kd3 f3 60. Ke3 e4 61. Ba7 Kxd6 62. Kxe4 1-0

[Event "28th CRO-chT 1B-Men 2019"]
[Site "Mali Losinj"]
[Date "2019.10.05"]
[Round "8.25"]
[White "Brkic, Ante"]
[Black "Ruck, Robert"]
[Result "1/2-1/2"]
[ECO "B12"]
[WhiteElo "2600"]
[BlackElo "2530"]
[Annotator "ChessBase"]
[PlyCount "57"]
[EventDate "2019.09.28"]
[EventType "team-tourn"]
[EventCountry "CRO"]
[SourceTitle "playchess.com"]
[Source "ChessBase"]
[SourceQuality "1"]
[TimeControl "40/5400+30:1800+30"]

1. e4 c6 2. d4 d5 3. e5 Bf5 4. Nf3 e6 5. Be2 c5 6. Be3 Qb6 7. Nc3 c4 8. Rb1 Bb4 9. O-O Bxc3 10. bxc3 Qc7 11. Nh4 Be4 12. f3 Bg6 13. f4 Ne7 14. g4 Be4 15. f5 Nbc6 16. f6 gxf6 17. Rxf6 Rg8 18. Qd2 Qa5 19. Rxb7 Rb8 20. Rxb8+ Nxb8 21. Rf1 Qxa2 22. Bd1 Nbc6 23. Ng2 Ng6 24. Qf2 Nd8 25. Bg5 Qa3 26. Qd2 Nc6 27. Qf2 Nd8 28. Qd2 Nc6 29. Qf2 1/2-1/2

[Event "28th CRO-chT 1B-Men 2019"]
[Site "Mali Losinj"]
[Date "2019.10.05"]
[Round "8.26"]
[White "Horvath, Adam"]
[Black "Kadric, Denis"]
[Result "0-1"]
[ECO "C41"]
[WhiteElo "2489"]
[BlackElo "2577"]
[Annotator "ChessBase"]
[PlyCount "118"]
[EventDate "2019.09.28"]
[EventType "team-tourn"]
[EventCountry "CRO"]
[SourceTitle "playchess.com"]
[Source "ChessBase"]
[SourceQuality "1"]
[TimeControl "40/5400+30:1800+30"]

1. e4 d6 2. d4 Nf6 3. Nc3 e5 4. Nf3 Nbd7 5. Bc4 Be7 6. a4 O-O 7. O-O c6 8. h3 h6 9. Re1 Re8 10. Be3 exd4 11. Bxd4 Nf8 12. a5 Be6 13. Bxe6 Nxe6 14. Be3 Bf8 15. a6 b5 16. e5 dxe5 17. Nxe5 Qc7 18. Ng4 Nh7 19. Qf3 h5 20. Nh2 g6 21. h4 Bg7 22. Nf1 Nf6 23. Nh2 Nd7 24. Rad1 f5 25. Ne2 Bxb2 26. Nf4 Ndf8 27. g3 Be5 28. Nxe6 Rxe6 29. Bc5 Rae8 30. Qb3 Qf7 31. Nf3 Bf6 32. Kg2 Rxe1 33. Rxe1 Rxe1 34. Nxe1 Qxb3 35. cxb3 Ne6 36. Bd6 c5 37. Bb8 c4 38. bxc4 bxc4 39. Nc2 Nc5 40. Nb4 Bc3 41. Nd5 Nxa6 42. Bxa7 Be5 43. Kf3 Kf7 44. Ne3 c3 45. Nc4 Bf6 46. Ke2 Ke6 47. Bb6 Nb4 48. Be3 Kd5 49. Nb6+ Kc6 50. Nc4 Kb5 51. Nd6+ Ka4 52. Ne8 Be5 53. f4 Bh8 54. Nc7 Kb3 55. Ne6 Nd5 56. Bc1 c2 57. Kd3 Nb4+ 58. Kd2 Bc3+ 59. Ke3 Na2 0-1

[Event "28th CRO-chT 1B-Men 2019"]
[Site "Mali Losinj"]
[Date "2019.10.05"]
[Round "8.28"]
[White "Rubil, Marko"]
[Black "Bosnjak, Petar"]
[Result "1/2-1/2"]
[ECO "B24"]
[WhiteElo "2290"]
[BlackElo "2265"]
[Annotator "NA"]
[PlyCount "67"]
[EventDate "2019.09.28"]
[EventType "team-tourn"]
[EventCountry "CRO"]
[SourceTitle "playchess.com"]
[Source "ChessBase"]
[SourceQuality "1"]
[TimeControl "40/5400+30:1800+30"]

1. e4 d6 2. Nc3 Nf6 3. Nge2 e5 4. g3 c5 5. Bg2 Nc6 6. d3 Nd4 7. h3 $11 b5 8. O-O b4 9. Nxd4 cxd4 10. Ne2 Bb7 11. c3 bxc3 12. bxc3 dxc3 13. Rb1 Bc6 14. Nxc3 Be7 15. d4 O-O 16. Nd5 Bxd5 17. exd5 exd4 18. Bb2 Nd7 19. Bxd4 Bf6 20. h4 Bxd4 21. Qxd4 Nc5 22. Rfe1 Qa5 23. Re2 Rfe8 24. Rbb2 Qc7 25. Bf1 Rad8 26. Kg2 Qc8 27. Qf4 Qc7 28. Qd4 Qc8 29. Qf4 Qc7 30. h5 h6 31. Qd4 Qc8 32. Qf4 Qc7 33. Rbc2 Qd7 34. Rb2 1/2-1/2

[Event "28th CRO-chT 1B-Men 2019"]
[Site "Mali Losinj"]
[Date "2019.10.06"]
[Round "9.1"]
[White "Ruck, Robert"]
[Black "Sedlak, Nikola"]
[Result "1-0"]
[ECO "A90"]
[WhiteElo "2530"]
[BlackElo "2557"]
[Annotator "ChessBase"]
[PlyCount "125"]
[EventDate "2019.09.28"]
[EventType "team-tourn"]
[EventCountry "CRO"]
[SourceTitle "playchess.com"]
[Source "ChessBase"]
[SourceQuality "1"]
[TimeControl "40/5400+30:1800+30"]

1. Nf3 d5 2. d4 e6 3. c4 c6 4. Nbd2 f5 5. g3 Nf6 6. Bg2 Bd6 7. O-O Nbd7 8. Qc2 O-O 9. b3 Qe7 10. Bb2 b6 11. Ne5 Bb7 12. Rac1 Rac8 13. Qb1 Bxe5 14. dxe5 Ng4 15. Qa1 h5 16. h3 Nh6 17. f4 h4 18. gxh4 Qxh4 19. e3 c5 20. Rcd1 Rfd8 21. Bc3 Nf8 22. Nf3 Qe7 23. Be1 Ng6 24. Bg3 Rd7 25. Kh2 Rcd8 26. Qc1 d4 27. exd4 cxd4 28. Qd2 d3 29. Rf2 Qc5 30. Rg1 Be4 31. Ng5 Qc6 32. Qe3 Rd4 33. Nf3 Bxf3 34. Bxf3 Re4 35. Qd2 Qc5 36. Bh5 Nf8 37. Bh4 Rd7 38. Be8 Re7 39. Bxe7 Qxe7 40. Bc6 Rd4 41. Rg3 Nf7 42. Rxd3 Rxd3 43. Qxd3 g5 44. Qd4 Ng6 45. fxg5 Nfxe5 46. Ba8 Kh7 47. Re2 Nf7 48. Kh1 Nxg5 49. Bg2 e5 50. Qf2 Qf6 51. b4 Nf4 52. Rd2 Nge6 53. Rd7+ Kh6 54. Rd6 Qf8 55. c5 bxc5 56. bxc5 Kg5 57. Qg3+ Kf6 58. Qh4+ Kg6 59. Qg3+ Kf6 60. Qh4+ Kg6 61. Bf3 Qb8 62. Bh5+ Kh6 63. Be8+ 1-0

[Event "28th CRO-chT 1B-Men 2019"]
[Site "Mali Losinj"]
[Date "2019.10.06"]
[Round "9.3"]
[White "Dabo-Peranic, Robert"]
[Black "Matkovic, Tonci"]
[Result "1/2-1/2"]
[ECO "C89"]
[WhiteElo "2323"]
[BlackElo "2281"]
[Annotator "ChessBase"]
[PlyCount "113"]
[EventDate "2019.09.28"]
[EventType "team-tourn"]
[EventCountry "CRO"]
[SourceTitle "playchess.com"]
[Source "ChessBase"]
[SourceQuality "1"]
[TimeControl "40/5400+30:1800+30"]

1. e4 e5 2. Nf3 Nc6 3. Bb5 a6 4. Ba4 Nf6 5. O-O Be7 6. Re1 b5 7. Bb3 O-O 8. c3 d5 9. exd5 Nxd5 10. Nxe5 Nxe5 11. Rxe5 c6 12. d3 Bd6 13. Re1 Bf5 14. Nd2 Qh4 15. g3 Qh3 16. Ne4 Be7 17. f3 Bg6 18. Nf2 Qd7 19. Bxd5 cxd5 20. Be3 Bf6 21. Qd2 d4 22. Bxd4 Bxd4 23. cxd4 Qxd4 24. Qc3 Qd5 25. Re3 Rae8 26. Rxe8 Rxe8 27. Re1 Rxe1+ 28. Qxe1 h6 29. Kg2 Qxa2 30. Qb4 f5 31. d4 Bf7 32. Nd3 Qc4 33. Qxc4 Bxc4 34. Ne5 Bd5 35. b4 Kf8 36. Kf2 Ke7 37. Ke3 Kd6 38. Kd3 Ke6 39. f4 Be4+ 40. Kc3 h5 41. Kd2 Kd6 42. Ke2 Kd5 43. Ke3 Bg2 44. Kd3 Kd6 45. Ke2 Be4 46. Ke3 Kd5 47. h4 Bg2 48. Kd3 Bf1+ 49. Ke3 Kd6 50. Kf2 Bh3 51. Ke3 Kd5 52. Kd3 Bf1+ 53. Ke3 Bg2 54. Kd3 Be4+ 55. Ke3 Bb1 56. Nf3 Be4 57. Ne5 1/2-1/2

[Event "28th CRO-chT 1B-Men 2019"]
[Site "Mali Losinj"]
[Date "2019.10.06"]
[Round "9.5"]
[White "Martic, Zlatko"]
[Black "Malenica, Mario"]
[Result "1-0"]
[ECO "A43"]
[WhiteElo "2299"]
[BlackElo "2221"]
[Annotator "ChessBase"]
[PlyCount "59"]
[EventDate "2019.09.28"]
[EventType "team-tourn"]
[EventCountry "CRO"]
[SourceTitle "playchess.com"]
[Source "ChessBase"]
[SourceQuality "1"]
[TimeControl "40/5400+30:1800+30"]

1. d4 g6 2. c4 Bg7 3. Nc3 c5 4. d5 d6 5. e4 e6 6. f4 exd5 7. cxd5 a6 8. Nf3 Bg4 9. Be2 Bxf3 10. Bxf3 Nd7 11. a4 Ne7 12. O-O O-O 13. Kh1 f5 14. g4 Kh8 15. exf5 gxf5 16. g5 Rb8 17. Ne2 b5 18. axb5 axb5 19. Ng3 Nb6 20. Nh5 Bd4 21. Ra3 Nc4 22. Ra7 Ra8 23. Rxa8 Qxa8 24. b3 Nb6 25. Qe2 Ng8 26. Bb2 Nd7 27. Qf2 Ne7 28. Bxd4+ cxd4 29. Qxd4+ Kg8 30. Qg7# 1-0

[Event "28th CRO-chT 1B-Men 2019"]
[Site "Mali Losinj"]
[Date "2019.10.06"]
[Round "9.6"]
[White "Grgurevic, Boris"]
[Black "Matanovic, Luka"]
[Result "1/2-1/2"]
[ECO "C45"]
[WhiteElo "2177"]
[BlackElo "2245"]
[Annotator "ChessBase"]
[PlyCount "97"]
[EventDate "2019.09.28"]
[EventType "team-tourn"]
[EventCountry "CRO"]
[SourceTitle "playchess.com"]
[Source "ChessBase"]
[SourceQuality "1"]
[TimeControl "40/5400+30:1800+30"]

1. e4 e5 2. Nf3 Nc6 3. d4 exd4 4. Nxd4 Nf6 5. Nxc6 bxc6 6. e5 Qe7 7. Qe2 Nd5 8. Nd2 g6 9. Nf3 Bg7 10. Bd2 Rb8 11. c4 Nb6 12. b3 O-O 13. Bg5 Qe6 14. Nd4 Qxe5 15. Qxe5 Bxe5 16. O-O-O Bb7 17. c5 Nd5 18. Bc4 Nc3 19. Rd2 d5 20. cxd6 cxd6 21. Nf3 Ne4 22. Nxe5 dxe5 23. Be7 Nxd2 24. Kxd2 Rfe8 25. Bf6 Bc8 26. Kc3 Be6 27. Bxe5 Rb7 28. f4 Rd7 29. Ba6 Rf8 30. Bf6 Bd5 31. Rg1 Re8 32. Be5 f6 33. Bxf6 Re3+ 34. Kb2 Be6 35. Bc3 c5 36. Rc1 Re4 37. Bb5 Rd6 38. g3 Rb6 39. Bd3 Re3 40. Kc2 Bf5 41. Bxf5 gxf5 42. Rd1 Re2+ 43. Kd3 Rxa2 44. Kc4 Ra3 45. Rd8+ Kf7 46. Rd7+ Kg6 47. Rg7+ Kh6 48. Rg5 Rb7 49. h3 1/2-1/2

[Event "28th CRO-chT 1B-Men 2019"]
[Site "Mali Losinj"]
[Date "2019.10.06"]
[Round "9.13"]
[White "Nagy, Gabor"]
[Black "Lenic, Luka"]
[Result "1-0"]
[ECO "D42"]
[WhiteElo "2476"]
[BlackElo "2644"]
[Annotator "RC"]
[PlyCount "65"]
[EventDate "2019.09.28"]
[EventType "team-tourn"]
[EventCountry "CRO"]
[SourceTitle "playchess.com"]
[Source "ChessBase"]
[SourceQuality "1"]
[TimeControl "40/5400+30:1800+30"]

1. d4 Nf6 2. c4 e6 3. Nf3 d5 4. Nc3 c5 5. cxd5 Nxd5 6. e3 Nc6 7. Bd3 Be7 8. O-O O-O 9. a3 b6 10. Qc2 Nxc3 11. bxc3 h6 12. Bb2 Bb7 13. Rad1 Qc7 14. e4 Na5 15. Qe2 Bf6 16. Rfe1 Rac8 17. e5 Be7 18. Nd2 Rfd8 19. Qg4 Bf8 20. Ne4 cxd4 21. cxd4 Kh8 22. Nd6 Rxd6 23. exd6 Qxd6 24. d5 Bxd5 25. Re3 Nc4 26. Bxc4 Rxc4 27. Bxg7+ Kh7 28. Bxf8 Qxf8 29. Qe2 Qg7 30. Rg3 Qf6 31. h3 b5 32. Qd3+ Kh8 33. Qe3 1-0

[Event "28th CRO-chT 1B-Men 2019"]
[Site "Mali Losinj"]
[Date "2019.10.06"]
[Round "9.16"]
[White "Bukal, Vladimir Jr."]
[Black "Blagojevic, Marijan"]
[Result "1-0"]
[ECO "D02"]
[WhiteElo "2390"]
[BlackElo "2196"]
[Annotator "ChessBase"]
[PlyCount "79"]
[EventDate "2019.09.28"]
[EventType "team-tourn"]
[EventCountry "CRO"]
[SourceTitle "playchess.com"]
[Source "ChessBase"]
[SourceQuality "1"]
[TimeControl "40/5400+30:1800+30"]

1. d4 Nf6 2. Bf4 d5 3. e3 e6 4. Nf3 c5 5. Be2 Bd6 6. dxc5 Bxf4 7. exf4 Qa5+ 8. Nbd2 Qxc5 9. O-O O-O 10. Nb3 Qc7 11. g3 Nc6 12. c3 Bd7 13. Bd3 Rfe8 14. Re1 e5 15. Nxe5 Nxe5 16. fxe5 Rxe5 17. Rxe5 Qxe5 18. Qe2 Qd6 19. Nd4 h5 20. Qe3 Re8 21. Qg5 Re5 22. Qf4 Bg4 23. f3 Bd7 24. Qd2 h4 25. g4 Qe7 26. Kg2 Re3 27. Nc2 h3+ 28. Kf2 Re5 29. Qf4 Qd6 30. Qb4 Qc7 31. Kg1 Re4 32. fxe4 dxe4 33. Be2 Qf4 34. Qd4 Nxg4 35. Bxg4 Qxg4+ 36. Kf1 Qg2+ 37. Ke1 Bg4 38. Qf2 e3 39. Nxe3 Qh1+ 40. Nf1 1-0

[Event "28th CRO-chT 1B-Men 2019"]
[Site "Mali Losinj"]
[Date "2019.10.06"]
[Round "9.17"]
[White "Machata, Martin"]
[Black "Ivekovic, Zvonimir"]
[Result "1-0"]
[ECO "A14"]
[WhiteElo "2179"]
[BlackElo "2405"]
[Annotator "ChessBase"]
[PlyCount "79"]
[EventDate "2019.09.28"]
[EventType "team-tourn"]
[EventCountry "CRO"]
[SourceTitle "playchess.com"]
[Source "ChessBase"]
[SourceQuality "1"]
[TimeControl "40/5400+30:1800+30"]

1. Nf3 c5 2. g3 b6 3. Bg2 Bb7 4. O-O Nf6 5. c4 e6 6. b3 Be7 7. Bb2 O-O 8. Nc3 d5 9. e3 Nc6 10. d3 Qc8 11. Qe2 a6 12. Rac1 Rd8 13. Na4 Qc7 14. cxd5 exd5 15. d4 c4 16. bxc4 dxc4 17. Rxc4 b5 18. Rc2 bxa4 19. Ne5 a3 20. Nxc6 Bxc6 21. Rxc6 Qd7 22. Ba1 Nd5 23. Rfc1 Rab8 24. e4 Nb4 25. R6c4 Rbc8 26. d5 Rxc4 27. Qxc4 Qb5 28. Bf1 Qxc4 29. Bxc4 Rc8 30. d6 Bxd6 31. Bxf7+ Kxf7 32. Rxc8 Nxa2 33. Rc6 Be7 34. Rxa6 Nc1 35. Kg2 Nb3 36. Bc3 Nc5 37. Rxa3 Nxe4 38. Rb3 h5 39. Bd4 g6 40. Rf3+ 1-0

[Event "28th CRO-chT 1B-Men 2019"]
[Site "Mali Losinj"]
[Date "2019.10.06"]
[Round "9.19"]
[White "Sokolov, Ivan"]
[Black "Djukic, Nikola"]
[Result "1-0"]
[ECO "E90"]
[WhiteElo "2584"]
[BlackElo "2517"]
[Annotator "ChessBase"]
[PlyCount "71"]
[EventDate "2019.09.28"]
[EventType "team-tourn"]
[EventCountry "CRO"]
[SourceTitle "playchess.com"]
[Source "ChessBase"]
[SourceQuality "1"]
[TimeControl "40/5400+30:1800+30"]

1. d4 Nf6 2. c4 g6 3. Nc3 Bg7 4. e4 d6 5. Be2 O-O 6. Be3 Nbd7 7. Nf3 c6 8. h3 a6 9. O-O b5 10. cxb5 axb5 11. a3 Bb7 12. Qc2 Qb8 13. Rfd1 Rc8 14. Nd2 c5 15. d5 Ba6 16. Qb3 c4 17. Qc2 Nc5 18. Nf3 Nfd7 19. Na2 Nd3 20. Bd4 N7c5 21. Bxg7 Kxg7 22. Nb4 Nxb4 23. axb4 Nb3 24. Qc3+ Kg8 25. Rab1 Bb7 26. Re1 Qc7 27. Bd1 e6 28. dxe6 fxe6 29. Ng5 Qe7 30. Bg4 Qxg5 31. Bxe6+ Kf8 32. Bxc8 Bxc8 33. Qh8+ Ke7 34. Qxh7+ Ke6 35. Re3 Nd4 36. Qg8+ 1-0

[Event "28th CRO-chT 1B-Men 2019"]
[Site "Mali Losinj"]
[Date "2019.10.06"]
[Round "9.20"]
[White "Bogut, Zeljko"]
[Black "Nemeth, Miklos"]
[Result "0-1"]
[ECO "A45"]
[WhiteElo "2386"]
[BlackElo "2488"]
[Annotator "ChessBase"]
[PlyCount "115"]
[EventDate "2019.09.28"]
[EventType "team-tourn"]
[EventCountry "CRO"]
[SourceTitle "playchess.com"]
[Source "ChessBase"]
[SourceQuality "1"]
[TimeControl "40/5400+30:1800+30"]

1. d4 Nf6 2. Bg5 Ne4 3. Bf4 e6 4. Nd2 Nxd2 5. Qxd2 d5 6. Nf3 Bd6 7. Bxd6 Qxd6 8. e3 O-O 9. c4 c6 10. Bd3 Nd7 11. O-O b6 12. Rac1 Bb7 13. Rfd1 f5 14. b4 a5 15. c5 Qe7 16. Rb1 axb4 17. Rxb4 Ra3 18. Rb2 b5 19. Qc1 Bc8 20. Rc2 Ra7 21. Qb2 g5 22. Be2 f4 23. exf4 Rxf4 24. g3 Rf8 25. Qc1 h6 26. Qe3 Qf6 27. Ne5 Nxe5 28. dxe5 Qg7 29. Rd4 Rf5 30. Bg4 Rxe5 31. Qd2 Qg6 32. Rb2 Re4 33. Rxe4 Qxe4 34. Rb4 Qe5 35. Bd1 Kg7 36. h4 Rf7 37. hxg5 hxg5 38. Rg4 Kf6 39. Kg2 Rg7 40. a4 bxa4 41. Bxa4 Qf5 42. Rb4 Bd7 43. Bc2 Qe5 44. Rb1 d4 45. Qa5 Qd5+ 46. Kg1 Rg8 47. Re1 e5 48. Be4 Qe6 49. Rb1 Qg4 50. Re1 Rc8 51. Qa7 Bf5 52. Bg2 d3 53. Qa1 Qd4 54. Qd1 d2 55. Rf1 g4 56. Qb3 Ra8 57. Rd1 Ra1 58. Bf1 0-1

[Event "28th CRO-chT 1B-Men 2019"]
[Site "Mali Losinj"]
[Date "2019.10.06"]
[Round "9.22"]
[White "Bender, Ivan"]
[Black "Trbojevic, Mladen"]
[Result "0-1"]
[ECO "D15"]
[WhiteElo "2234"]
[BlackElo "2338"]
[Annotator "ChessBase"]
[PlyCount "63"]
[EventDate "2019.09.28"]
[EventType "team-tourn"]
[EventCountry "CRO"]
[SourceTitle "playchess.com"]
[Source "ChessBase"]
[SourceQuality "1"]
[TimeControl "40/5400+30:1800+30"]

1. d4 d5 2. c4 c6 3. Nc3 Nf6 4. e3 a6 5. Nf3 Bf5 6. Be2 e6 7. Nh4 Be4 8. O-O Nbd7 9. g3 Be7 10. f3 Bg6 11. Nxg6 hxg6 12. Re1 O-O 13. Kg2 dxc4 14. Bxc4 e5 15. Bb3 Qc7 16. Bd2 Rad8 17. Qc2 c5 18. dxc5 Nxc5 19. Bc4 b5 20. Bf1 b4 21. Nd1 e4 22. f4 Qd7 23. Re2 Nd3 24. Nf2 Bc5 25. Qb1 Qd5 26. Kg1 g5 27. Nxd3 exd3 28. Re1 gxf4 29. gxf4 Qf3 30. Bg2 Qxf4 31. Kh1 Qh4 32. h3 0-1